Cogmind - Beta 10.2 @@@ ROGUE MODE // 2021.01.11 @ 19:03:16 Player: Ben'n'Dan Result: Destroyed by LV-KGJ(M) with Barrage Gun Performance ------------- Evolutions (3) 1500 Regions Visited (5) 1000 Robots Destroyed (3) 15 Value Destroyed (74) 74 Prototype IDs (1) 20 Alien Tech Used (0) 0 Bonus (0) 0 TOTAL SCORE: 2609 Bonus ------- None Cogmind --------- Core Integrity 0/700 Matter 280/300 Energy 91/100 System Corruption 0% Temperature Cool (0) Movement Flying (40) Location -7/Lower Caves Parts ------- > --- POWER (2) -------- (None) > --- PROPULSION (5) --- VTOL Module > --- UTILITY (4) ------ (None) > --- WEAPON (2) ------- Makeshift Axe > --- INVENTORY (4) ---- Ion Engine Ion Engine Light Nuclear Core Assault Rifle Peak State ------------ > --- POWER ------------ (None) > --- PROPULSION ------- Cesium-ion Thruster > --- UTILITY ---------- Improved Signal Interpreter Improved Light Armor Plating Hacking Suite > --- WEAPON ----------- (None) > --- INVENTORY -------- Ion Engine Ion Engine Assault Rifle [Rating: 11] Favorites ----------- Power Light Ion Engine Engine Light Ion Engine Propulsion Flight Unit Hover Unit Aerolev Unit Flight Unit Flight Unit Utility Improved Signal Interpreter Processor Improved Signal Interpreter Hackware Hacking Suite Protection Improved Light Armor Plating Weapon Assault Rifle Ballistic Gun Assault Rifle Slashing Weapon Chainsword Build | -11 -10 -9 -8 -7 -7 ------- Run | Scr Mat Mat Mat Fac Low Slots Evolved 6 | . . 2 2 2 . Power 1 | . . 1 . . . Propulsion 3 | . . 1 1 1 . Utility 2 | . . . 1 1 . Weapon . | . . . . . . Parts Attached 14 | 1 4 1 5 1 2 Power 1 | . 1 . . . . Engine 1 | . 1 . . . . Core . | . . . . . . Reactor . | . . . . . . Propulsion 6 | . 2 . 3 . 1 Treads . | . . . . . . Leg . | . . . . . . Wheel . | . . . . . . Hover 1 | . . . 1 . . Flight 5 | . 2 . 2 . 1 Utility 3 | . . 1 2 . . Device . | . . . . . . Storage . | . . . . . . Processor 1 | . . 1 . . . Hackware 1 | . . . 1 . . Protection 1 | . . . 1 . . Artifact . | . . . . . . Weapon 4 | 1 1 . . 1 1 Energy Gun . | . . . . . . Energy Cannon . | . . . . . . Ballistic Gun 2 | 1 1 . . . . Ballistic Cannon . | . . . . . . Launcher . | . . . . . . Special Weapon . | . . . . . . Impact Weapon . | . . . . . . Slashing Weapon 2 | . . . . 1 1 Piercing Weapon . | . . . . . . Special Melee Weapon . | . . . . . . Unidentified Prototypes 1 | . . . 1 . . Parts Lost 9 | . . 1 5 . 3 Power . | . . . . . . Propulsion 5 | . . 1 2 . 2 Utility 3 | . . . 3 . . Weapon 1 | . . . . . 1 Highest Loss Streak 3 | . . 1 3 . 3 Average Slot Usage (%) 24 | . 42 49 23 15 9 Engine 2 | . 3 11 . . . Hover 2 | . . . 4 7 1 Flight 7 | . 14 16 4 7 2 Processor 2 | . . 11 3 . . Hackware 1 | . . . 6 . . Protection 1 | . . . 6 . . Ballistic Gun 4 | . 24 11 . . . Slashing Weapon 1 | . . . . . 6 Naked Turns 10 | . . . . . 10 Heaviest Build 7 | 2 7 7 3 3 3 Greatest Support 11 | 3 8 8 11 6 6 Greatest Overweight (x) 1 | . 1 . . . . Average Overweight (x) . | . . . . . . Largest Inventory Capacity 4 | 4 4 4 4 4 4 Average Capacity 4 | 4 4 4 4 4 4 Most Carried 4 | 4 4 3 4 4 4 Average Carried 3 | 2 3 3 3 4 4 Final Capacity 4 | 4 4 4 4 4 4 Final Carried 4 | 4 3 3 4 4 4 Class Distribution -------------------- 100% | Mutant Dominant Class ---------------- Mutant | -10/Materials Mutant | -9/Materials Mutant | -8/Materials Mutant | -7/Factory Mutant | -7/Lower Caves Resources | -11 -10 -9 -8 -7 -7 ----------- Run | Scr Mat Mat Mat Fac Low Matter Collected 307 | 210 18 . . . 79 Remotely . | . . . . . . Salvage Created 95 | . 32 . . . 63 Parts 6 | . 3 . . . 3 Haulers Intercepted . | . . . . . . Recyclers Shooed . | . . . . . . Parts Field Recycled . | . . . . . . Retrieved Matter . | . . . . . . Parts Self-Destructed 7 | . . . . . 7 Prevented . | . . . . . . Kills | -11 -10 -9 -8 -7 -7 ------- Run | Scr Mat Mat Mat Fac Low Combat Hostiles Destroyed 3 | . 2 . . . 1 Melee 1 | . . . . . 1 Guns 2 | . 2 . . . . Classes Destroyed 2 | . 1 . . . 1 Swarmer 2 | . 2 . . . . Sentry 1 | . . . . . 1 Best Kill Streak 2 | . 2 . . . 1 Combat Bots Only 2 | . 2 . . . 1 Max Kills in Single Turn 1 | . 1 . . . 1 Gunslinging . | . . . . . . Exploded . | . . . . . . Melee 1 | . . . . . 1 Uniques/NPCs Destroyed . | . . . . . . Combat | -11 -10 -9 -8 -7 -7 -------- Run | Scr Mat Mat Mat Fac Low Damage Taken 1535 | . 75 72 513 97 778 Core 918 | . 14 23 179 77 625 Absorbed by Shields . | . . . . . . Core Remaining (%) 88 | 100 94 94 67 . . Volleys Fired 5 | . 5 . . . . Largest 2 | . 2 . . . . Hottest 40 | . 40 . . . . Shots Fired 9 | . 9 . . . . Gun 9 | . 9 . . . . Cannon . | . . . . . . Launcher . | . . . . . . Special . | . . . . . . Kinetic 9 | . 9 . . . . Thermal . | . . . . . . Explosive . | . . . . . . Electromagnetic . | . . . . . . Robot Hit Streak 3 | . 3 . . . . Robot Miss Streak 1 | . 1 . . . . Penetration Max . | . . . . . . Secondary Targets . | . . . . . . Shots Hit Robots 18 | . 6 . . . 12 Core Hits 8 | . 2 . . . 6 Critical Hits . | . . . . . . Critical Kills . | . . . . . . Critical Parts Destroyed . | . . . . . . Melee Attacks 17 | . . . . . 17 Impact . | . . . . . . Slashing 17 | . . . . . 17 Piercing . | . . . . . . Sneak Attacks 1 | . . . . . 1 Combat Hostiles 1 | . . . . . 1 Follow-up Attacks . | . . . . . . Damage Inflicted 601 | . 72 . . . 529 Guns 72 | . 72 . . . . Cannons . | . . . . . . Explosions . | . . . . . . Melee 516 | . . . . . 516 Ramming 13 | . . . . . 13 Kinetic 72 | . 72 . . . . Thermal . | . . . . . . Explosive . | . . . . . . Electromagnetic . | . . . . . . Impact . | . . . . . . Slashing 516 | . . . . . 516 Piercing . | . . . . . . Highest Corruption . | . . . . . . Average Corruption . | . . . . . . Corruption Purged . | . . . . . . Overload Shots . | . . . . . . Overflow Damage 2 | . . . . . 2 Projectiles . | . . . . . . Explosions . | . . . . . . Melee 2 | . . . . . 2 Knockbacks . | . . . . . . Impact . | . . . . . . Kinetic . | . . . . . . Secondary . | . . . . . . Self-Inflicted Damage 6 | . . . . . 6 Shots . | . . . . . . Rammed 4 | . . . . . 4 Targets Rammed 4 | . . . . . 4 Kicked . | . . . . . . Crushed . | . . . . . . Highest Temperature 1 | . 1 . . . . Average Temperature 1 | . 1 . . . . Received Heat Transfer 515 | . 18 33 261 32 171 Siege Activations . | . . . . . . Robots Corrupted . | . . . . . . Combat Hostiles . | . . . . . . Parts Fried . | . . . . . . Impact Corruptions . | . . . . . . Robots Melted . | . . . . . . Combat Hostiles . | . . . . . . Parts Melted . | . . . . . . Heat Transferred . | . . . . . . Parts Sabotaged . | . . . . . . Parts Stolen . | . . . . . . Parts Stripped . | . . . . . . Power Chain Reactions . | . . . . . . Missiles Intercepted . | . . . . . . Alert | -11 -10 -9 -8 -7 -7 ------- Run | Scr Mat Mat Mat Fac Low Peak Influence 94 | . 80 94 57 55 . Initial 39 | . . 33 39 25 . Average 36 | . 53 55 30 30 . Maximum Alert Level . | . . . . . . Low Security (%) 100 | 100 100 100 100 100 . Level 1 . | . . . . . . Level 2 . | . . . . . . Level 3 . | . . . . . . Level 4 . | . . . . . . Level 5 . | . . . . . . High Security . | . . . . . . Max Security . | . . . . . . Squads Dispatched 3 | . 1 . 1 1 . Investigation 1 | . . . . 1 . Extermination . | . . . . . . Reinforcement 2 | . 1 . 1 . . Assault . | . . . . . . Garrison . | . . . . . . Intercept . | . . . . . . Construction Impeded . | . . . . . . Haulers Reinforced . | . . . . . . Stealth | -11 -10 -9 -8 -7 -7 --------- Run | Scr Mat Mat Mat Fac Low Distress Signals 3 | . . 1 2 . . Communications Jammed . | . . . . . . Distress Signals . | . . . . . . Times Spotted 48 | . 6 8 18 5 11 Peak Tracking Total 19 | . 3 9 19 5 7 Tactical Retreats 4 | . 1 . 1 1 1 Traps | -11 -10 -9 -8 -7 -7 ------- Run | Scr Mat Mat Mat Fac Low Traps Triggered 1 | . . . . 1 . Indirectly . | . . . . . . Trap Hack Attempts . | . . . . . . Triggered . | . . . . . . Disarmed . | . . . . . . Reprogrammed . | . . . . . . Reused . | . . . . . . Traps Extracted . | . . . . . . Installed . | . . . . . . Triggered . | . . . . . . Machines | -11 -10 -9 -8 -7 -7 ---------- Run | Scr Mat Mat Mat Fac Low Machines Disabled . | . . . . . . Max in Single Turn . | . . . . . . Machines Sabotaged . | . . . . . . Garrisons Compromised . | . . . . . . Overloaded Fab Kills . | . . . . . . Fab Network Shutdowns . | . . . . . . Hacking | -11 -10 -9 -8 -7 -7 --------- Run | Scr Mat Mat Mat Fac Low Machines Accessed 5 | . . 2 2 1 . Terminals 5 | . . 2 2 1 . Fabricators . | . . . . . . Repair Stations . | . . . . . . Recycling Units . | . . . . . . Scanalyzers . | . . . . . . Garrison Access . | . . . . . . Total Hacks 11 | . . 6 3 2 . Successful 4 | . . 2 2 . . Failed 7 | . . 4 1 2 . Catastrophic 2 | . . 1 . 1 . Database Lockouts . | . . . . . . Manual 3 | . . 2 1 . . Terminals 11 | . . 6 3 2 . Fabricators . | . . . . . . Repair Stations . | . . . . . . Recycling Units . | . . . . . . Scanalyzers . | . . . . . . Garrison Access . | . . . . . . Terminal Hacks 4 | . . 2 2 . . Level Access Points 1 | . . . 1 . . Branch Access Points 1 | . . 1 . . . Locate Traps 1 | . . 1 . . . Zone Layout 1 | . . . 1 . . Fabricator Hacks . | . . . . . . Repair Station Hacks . | . . . . . . Recycling Unit Hacks . | . . . . . . Scanalyzer . | . . . . . . Garrison Access Hacks . | . . . . . . Unauthorized Hacks . | . . . . . . Terminals . | . . . . . . Fabricators . | . . . . . . Repair Stations . | . . . . . . Recycling Units . | . . . . . . Scanalyzers . | . . . . . . Garrison Access . | . . . . . . Data Cores Recovered . | . . . . . . Used . | . . . . . . Hacking Detections 5 | . . 2 2 1 . Full Trace Events 3 | . . 2 . 1 . Feedback Events . | . . . . . . Feedback Blocked . | . . . . . . Robot Schematics Acquired . | . . . . . . Robots Built . | . . . . . . Matter . | . . . . . . Time . | . . . . . . Total Robot Build Rating . | . . . . . . Part Schematics Acquired . | . . . . . . Parts Built . | . . . . . . Matter . | . . . . . . Time . | . . . . . . Total Part Build Rating . | . . . . . . Parts Repaired . | . . . . . . Time . | . . . . . . Parts Recycled . | . . . . . . Recycled Matter . | . . . . . . Retrieved Matter . | . . . . . . Retrieved Components . | . . . . . . Parts Scanalyzed . | . . . . . . Part Schematics Acquired . | . . . . . . Parts Damaged . | . . . . . . Bothacking | -11 -10 -9 -8 -7 -7 ------------ Run | Scr Mat Mat Mat Fac Low Used RIF Installer . | . . . . . . Robots Hacked . | . . . . . . Non-combat . | . . . . . . Combat . | . . . . . . Robot Hacks Applied . | . . . . . . Relay Couplers Released . | . . . . . . Robots Rewired . | . . . . . . Allies Hacked . | . . . . . . Hacks Repelled . | . . . . . . Allies | -11 -10 -9 -8 -7 -7 -------- Run | Scr Mat Mat Mat Fac Low Total Allies . | . . . . . . Largest Group . | . . . . . . Highest-Rated Group . | . . . . . . Highest-Rated Ally . | . . . . . . Total Orders . | . . . . . . Ally Attacks . | . . . . . . Total Damage . | . . . . . . Kills . | . . . . . . Allies Corrupted . | . . . . . . Allies Melted . | . . . . . . Intel | -11 -10 -9 -8 -7 -7 ------- Run | Scr Mat Mat Mat Fac Low Robot Analysis Total . | . . . . . . Derelict Logs Recovered . | . . . . . . Drone Launches . | . . . . . . Drone Recoveries . | . . . . . . Exploration | -11 -10 -9 -8 -7 -7 ------------- Run | Scr Mat Mat Mat Fac Low Turns Passed 312 | 22 43 39 85 54 69 Spaces Moved 527 | 32 57 95 169 130 44 Core 132 | 32 15 . 46 . 39 Treads . | . . . . . . Legs . | . . . . . . Wheels . | . . . . . . Hover 41 | . . . 41 . . Flight 354 | . 42 95 82 130 5 Fastest Speed 37 | 50 37 37 40 40 40 Average Speed 42 | 50 41 38 45 40 48 Slowest Speed 100 | 50 100 40 50 40 50 Overloaded Moves . | . . . . . . Propulsion Burnouts . | . . . . . . Robots Hopped 5 | . 1 . 4 . . Cave-ins Triggered . | . . . . . . Exploration Rate (%) 14 | 3 23 19 28 6 8 Regions Visited 5 Branch Regions 1 Pre-discovered Areas . | . . . . . . Known Exits Taken 2 | . . 1 1 . . Unknown Exits Taken 3 | 1 1 . . 1 . Scrap Searched . | . . . . . . Spaces Dug . | . . . . . . Terrain Destroyed . | . . . . . . Melee . | . . . . . . Projectile . | . . . . . . AOE . | . . . . . . Terrain Rammed . | . . . . . . Walls Destroyed . | . . . . . . Machines Disabled . | . . . . . . Actions | -11 -10 -9 -8 -7 -7 --------- Run | Scr Mat Mat Mat Fac Low Total 567 | 36 64 97 171 130 69 Wait 2 | . . . . . 2 Move 513 | 31 54 94 161 129 44 Hop 4 | . 1 . 3 . . Pick Up 5 | 4 . . 1 . . Fast Attach 13 | 1 3 1 5 1 2 Attach 1 | . 1 . . . . Detach . | . . . . . . Swap . | . . . . . . Drop 3 | . . 2 1 . . Fire 5 | . 5 . . . . Melee 17 | . . . . . 17 Ram 4 | . . . . . 4 Kick . | . . . . . . Crush . | . . . . . . Escape Stasis . | . . . . . . Rewire . | . . . . . . Trap . | . . . . . . Miscellaneous . | . . . . . . Route ------- -11/Scrapyard -10/Materials -9/Materials (discovered 2 exits: *Mat / Min) -8/Materials (discovered 3 exits: *Fac x3) -7/Factory -7/Lower Caves History --------- Turn | Location | Event 2 | -11/Scrapyard | Met Revision 17 12 | -11/Scrapyard | Discovered new exit (range 15) 23 | -11/Scrapyard | Entered Materials 60 | -10/Materials | Discovered new exit (range 15) 66 | -10/Materials | Entered another Materials area 66 | -9/Materials | Evolved 2 slots: Power x1, Propulsion x1 78 | -9/Materials | Identified exit to Mines 102 | -9/Materials | Discovered new exit (range 8) 104 | -9/Materials | Identified exit to Materials 105 | -9/Materials | Entered another Materials area 105 | -8/Materials | Evolved 2 slots: Propulsion x1, Utility x1 167 | -8/Materials | Lost 3 parts (2n1u) 167 | -8/Materials | Identified exit to Factory 190 | -8/Materials | Entered Factory 190 | -7/Factory | Evolved 2 slots: Propulsion x1, Utility x1 213 | -7/Factory | Assembled infested ambush trap array 235 | -7/Factory | Discovered new exit (range 6) 244 | -7/Factory | Entered Lower Caves 268 | -7/Lower Caves | Attracted the attention of an 0b10 checkpoint 286 | -7/Lower Caves | Core integrity fell below 50% 291 | -7/Lower Caves | Attacked by a faux Warlord 302 | -7/Lower Caves | Core integrity fell below 20% 313 | -7/Lower Caves | Destroyed by LV-KGJ(M) with Barrage Gun Last Messages --------------- 00259_ Cesium-ion Thruster destroyed. 00268_ Y-54 Guardian: "INTERCEPTING UNREGISTERED DERELICT." 00269_ Y-54 Guardian destroyed. 00272_ Acquired 63 matter. 00274_ Acquired 16 matter. 00275_ VTOL Module fries itself beyond repair. 00276_ Imp. Deuterium Engine fries itself beyond repair. 00280_ Lgt. Treads fries itself beyond repair. 00286_ Chainsword destroyed. 00288_ Slammed into CL-79V(g). 00290_ LV-KGJ(M): "I've never seen anything like that down here. It must be an Unaware spy!" 00290_ Slammed into CL-79V(g). 00291_ LV-KGJ(M): "You are tresspassing on Warlord territory, MY territory! Guards, destroy it!" 00291_ Slammed into CL-79V(g). 00296_ Acquired Mak. Axe. 00301_ S-27 Virus destroyed. 00305_ Acquired VTOL Module. 00307_ LV-KGJ(M) Battle Rifle severed. Map ----- +----------------------------------------------------+ | ?????????????????????????????????????????????????? | | ?????????????????????????????????????????????????? | | ?????????????????????????????????????????????????? | | ?????????????????????????????????????????????????? | | ?????????????????????????????????????????????????? | | ?????????????????????????????????????????????????? | | ?????????????????????????????????????????????????? | | ?????????????????????????????????????????????????? | | ?????????????????????????????????????????????????? | | ?????????????????????????????????????????????????? | | ?????????????????????????????????????????????????? | | ?????????????????????????????????????????????????? | | ?????????????????????????????????????????????????? | | ?????????????????????????????????????????????????? | | ?????????????????????????????????????????????????? | | ?????????????????????????????????????????????????? | | ?????????????????????????????????#####???????????? | | ????????????????????????????????## ##?####?????? | | ??????????????????????###?????### ## #?????? | | ??????????????????????# ?????? ####### | | ??????????????????????# #????????# | | ???????????????????#### #######???# #???# | | ???????????????????# =%%%%% #???## # ###### [ | | ??????????????# # %[g%## #???## ## # # | | ??????????????# g*%#M#=!#??## ## # #### ## | | ??????????????## ##=@[##%#### # #?# #? | | ???????????????## # ## !#* #####?## #? | | ????????????????# ?# # ## #??????# #? | | ????????????????#??#?# # ##??????# #? | | ?????????????????????# ### ## #???????# ? | | ?????????????????????##??### %% #??????? ? | | ?????????????????????????? ! #??????? ? | | ?????????????????????????##### #??????? | | ?????????????????????????????# ### ##??????### | | ?????????????????????????????# #?# #?????????### | | ?????????????????????????????# ? #???????????? | | ?????????????????????????????# #?## ???????????? | | ????????????????????????????? #??? ??????????? | | ?????????????????????????????# #??? ?????????? | | ?????????????????????????????# #??? ????????? | | ?????????????????????????????# ???? ????????? | | ?????????????????????????????? ????? ? ??????????? | | ?????????????????????????????? ??????????????????? | | ?????????????????????????????? ??????????????????? | | ?????????????????????????????????????????????????? | | ?????????????????????????????????????????????????? | | ?????????????????????????????????????????????????? | | ?????????????????????????????????????????????????? | | ?????????????????????????????????????????????????? | | ?????????????????????????????????????????????????? | +----------------------------------------------------+ Best States ------------- Heat Dissipation 34 Energy Generation 10 Energy Capacity 125 Matter Stores 300 Matter Capacity 300 Sight Range 16 Terrain Scan Density 10 Armor Coverage 150 Evasion (%) 62 Offensive Hacking 10 Item Schematics ----------------- None Robot Schematics ------------------ None Fabricated ------------ Nothing Alien Tech Used ----------------- None Achievements -------------- None Challenges ------------ None Game ------ Seed ArmoredZioniteMultirail Manual? 0 Play Time 00:08:37 Cumulative 130.2 hours Start 2021.01.11 @ 18:56:15 End 2021.01.11 @ 19:03:16 Sessions 1 Manual Loads 0 Difficulty Rogue Special Mode None Game No. 330 Rogue 322 Adventurer 8 Explorer 0 Win Type - Total 9 Types 6/0/2/1/0/0/0/0/0 Lore% 76 Gallery% 79 Achievement% 59 Wizard Run 0 Options --------- ASCII 0 Keyboard 0 Movement Mouse Keybinds 0 Fullscreen 1 Font 18/SmallcapsGlow Map View 76x50 Tactical HUD 1 Map Filters NONE Filters NONE Steam 1 RUN: 27949cb4-83d3-4b17-bcc3-7f84ca59f760